 Dungeon Crawl Stone Soup version 0.17-a0-1646-geb1493d (webtiles) character file.

11670 LilCorpsy the Cruncher (level 11, -8/72 HPs)
             Began as a Demonspawn Gladiator on Aug 7, 2015.
             Was the Champion of Makhleb.
             Mangled by an orc warlord
             ... wielding a +4 vampiric glaive
              (24 damage)
             ... on level 2 of the Orcish Mines on Aug 10, 2015.
             The game lasted 00:38:42 (11111 turns).

LilCorpsy the Cruncher (Demonspawn Gladiator)      Turns: 11111, Time: 00:38:42

Health: -8/72      AC: 24    Str: 18    XL:     11   Next: 52%
Magic:  19/19      EV: 11    Int: 11    God:    Makhleb [******]
Gold:   1118       SH:  0    Dex: 13    Spells: 0 memorised, 10 levels left

rFire  + . .     SeeInvis +     z - +3 quarterstaff (chaos)
rCold  . . .     Rnd*Rage +     S - +4 plate armour {rF+}
rNeg   . . .     SustAt   .     (no shield)
rPois  .         Gourm    .     (helmet restricted)
rElec  .         Spirit   .     A - +1 cloak
rCorr  .         Warding  .     (no gloves)
rMut   .         Stasis   .     O - +2 pair of boots
MR     .....                    (no amulet)
Stlth  ..........               r - +4 ring of evasion
                                x - ring of see invisible

@: not resistant to hostile enchantments, extremely unstealthy
A: horns 2, molten scales 1, berserk 1, blurry vision 1, breathe flames 1,
powered by death 2, rot immunity
a: Minor Destruction, Lesser Servant of Makhleb, Major Destruction, Greater
Servant of Makhleb, Renounce Religion, Breathe Fire


You were on level 2 of the Orcish Mines.
You worshipped Makhleb.
Makhleb was exalted by your worship.
You were not hungry.

You visited 2 branches of the dungeon, and saw 12 of its levels.
You also visited: Volcano.

You collected 1119 gold pieces.
You spent 1 gold pieces at shops.

Inventory:

Hand weapons
 z - a +3 quarterstaff of chaos (weapon)
Missiles
 d - 3 throwing nets (quivered)
Armour
 f - the cursed -5 cloak of Muoh {-Cast rPois Regen+ Int-4}
   (You bought it in a shop on level 1 of the Orcish Mines)

   It affects your intelligence (-4).
   It protects you from poison.
   It prevents spellcasting.
   It increases your rate of regeneration.
   It has a curse placed upon it.
 k - a +1 pair of boots
 v - a +2 scale mail of cold resistance
 A - a +1 cloak (worn)
 O - a +2 pair of boots (worn)
 S - a +4 plate armour of fire resistance (worn)
Jewellery
 a - an uncursed amulet of stasis
 r - a +4 ring of evasion (right hand)
 x - a ring of see invisible (left hand)
 F - an uncursed ring of invisibility
 I - a +4 ring of evasion
 J - a +3 ring of intelligence
Magical devices
 g - a wand of random effects (27)
 h - a wand of flame (30)
 p - a wand of paralysis (6)
 y - a wand of teleportation (6)
 B - a wand of fire (3)
 E - a wand of teleportation (3)
 H - a wand of heal wounds (0)
 R - a wand of magic darts (20)
Scrolls
 c - 3 scrolls of remove curse
 l - 2 scrolls of recharging
 m - a scroll of fear
 o - 6 scrolls of teleportation
 q - 2 scrolls of enchant armour
 s - a scroll of amnesia
 u - a scroll of fog
 L - 2 scrolls of identify
 Q - a scroll of magic mapping {unknown}
Potions
 i - 2 potions of curing
 j - a potion of agility
 n - a potion of brilliance
 t - 2 potions of flight
 C - a potion of might
 G - a potion of cure mutation
 K - a potion of magic {unknown}
 N - a potion of berserk rage
 P - a potion of ambrosia {unknown}
 T - a potion of heal wounds
Books
 w - a book of Battle

   Spells                             Type                      Level
   a - Infusion                       Charms                       1
   b - Shroud of Golubria             Charms/Translocation         2
   c - Song of Slaying                Charms                       2
   d - Spectral Weapon                Hexes/Charms                 3
   e - Regeneration                   Charms/Necromancy            3
 M - a book of Air

   Spells                             Type                      Level
   a - Shock                          Conjuration/Air              1
   b - Swiftness                      Charms/Air                   2
   c - Repel Missiles                 Charms/Air                   2
   d - Static Discharge               Conjuration/Air              3
   e - Lightning Bolt                 Conjuration/Air              5
Miscellaneous
 b - a stone of tremors
Comestibles
 e - 16 bread rations
 D - 4 meat rations
 U - a beef jerky


   Skills:
 - Level 2.0 Fighting
 * Level 12.6 Staves
 - Level 1.7 Throwing
 + Level 7.7 Armour
 - Level 3.2 Dodging
 + Level 11.1 Invocations


You had 10 spell levels left.
You didn't know any spells.

Dungeon Overview and Level Annotations

Branches:
Dungeon (10/15)            Temple (0/1) D:5            Lair (0/8) D:10
    Orc (2/4) D:10

Altars:
Ashenzari
Cheibriados
Fedhas
Gozag
Makhleb
Nemelex Xobeh
Ru
Trog
Vehumet
Xom
Yredelemnul
Zin

Shops:
Orc:1 [   Orc:2 ?

Annotations:
D:3 1 exclusion


Innate Abilities, Weirdness & Mutations

You have a pair of horns on your head.
You are partially covered in molten scales (AC +1).
You regenerate health from kills.
You are immune to rotting.
You tend to lose your temper in combat.
Scrolls take you a little longer to read.
You can breathe flames.


Message History

The orc warrior goes into a battle-frenzy!
The orc warlord hits you with a vampiric glaive!
The orc warlord draws strength from your injuries!
You hit the orc warlord but do no damage.
The orc warlord is almost dead.
You feel less regenerative. The orc warrior closely misses you.
You hit the orc warlord.
You feel better.
The orc warlord is almost dead.
The orc warlord hits you with a vampiric glaive!!
The orc warlord draws strength from your injuries!
You hit the orc warlord.
The orc warlord is almost dead.
The orc warrior hits you from afar with a glaive!!
* * * LOW HITPOINT WARNING * * *
Zapping:
H - a wand of heal wounds {zapped: 5} (will waste charges)
Press: ? - help, Shift-Dir - straight line, f - you Nothing appears to happen.
The orc warlord hits you with a vampiric glaive!!
You die...

#.....).................#.....
#...)[.......>................
##.................#..........
##........................#...
#........................)#)..
#........................).#..
#........................)###.
##........................##..
############@################
#o# #


ooo # #.o.# # #...# # #...# # +.$.+ # #...# # # You could see an orc warlord and
4 orc warriors.

Vanquished Creatures
  Erica (Orc:1)
  A hill giant (D:10)
  Pikel (D:5)
  An orc knight (Volcano)
  A fire drake (shapeshifter) (D:10)
  A komodo dragon (D:10)
  A troll (Orc:1)
  A boulder beetle (Orc:2)
  A deep elf mage (D:8)
  5 yaks (D:10)
  3 fire bats (Orc:2)
  A spriggan (D:7)
  2 hungry ghosts
  A warg (Orc:2)
  A hippogriff (D:10)
  4 black bears
  A slave (D:5)
  2 ice beasts
  A sky beast (D:8)
  10 orc warriors
  8 ogres
  2 centaurs (D:7)
  A wasp (D:6)
  A big kobold (D:10)
  Blork the orc (D:5)
  9 giant frogs
  A wyvern zombie (D:6)
  A gnoll sergeant (D:9)
  4 scorpions
  5 killer bees
  8 wights
  4 electric eels (D:9)
  A crimson imp (D:7)
  2 giant frog zombies
  14 orc priests
  A quasit (D:8)
  2 centaur skeletons
  11 hounds
  A gnoll shaman (D:10)
  17 orc wizards
  Crazy Yiuf (D:5)
  2 giant frog skeletons (D:5)
  4 worker ants
  Jessica (D:2)
  A jelly (D:10)
  Terence (D:2)
  2 iguanas
  Natasha (twice) (D:2)
  A mummy (D:9)
  13 gnolls
  4 shadow imps
  6 adders
  An adder skeleton (D:7)
  An adder zombie (D:5)
  2 worms
  4 giant geckos
  78 orcs
  3 ball pythons
  5 bats
  6 giant cockroaches
  3 goblins
  4 hobgoblins
  18 jackals
  4 quokkas (D:5)
  4 giant newts
  A jackal skeleton (D:4)
  9 kobolds
  A quokka zombie (D:9)
  7 rats
323 creatures vanquished.

Vanquished Creatures (collateral kills)
  2 orc warriors (Orc:2)
2 creatures vanquished.

Vanquished Creatures (others)
  A slave (D:5)
  6 orcs
  2 plants (D:10)
9 creatures vanquished.

Grand Total: 334 creatures vanquished

Notes
Turn   | Place    | Note
--------------------------------------------------------------
     0 | D:1      | LilCorpsy the Demonspawn Gladiator began the quest for the Orb.
     0 | D:1      | Reached XP level 1. HP: 16/16 MP: 1/1
   439 | D:1      | Reached skill level 3 in Staves
   711 | D:1      | Gained mutation: You have a pair of small horns on your head. [demonic ancestry]
   711 | D:1      | Reached XP level 2. HP: 22/22 MP: 2/2
   906 | D:2      | Noticed Terence
   918 | D:2      | Killed Terence
   918 | D:2      | Gained mutation: You have a pair of horns on your head. [demonic ancestry]
   918 | D:2      | Reached XP level 3. HP: 14/27 MP: 3/3
  1155 | D:2      | Reached skill level 4 in Staves
  1218 | D:2      | Noticed Natasha
  1228 | D:2      | Killed Natasha
  1358 | D:2      | Noticed Natasha
  1362 | D:2      | Killed Natasha
  1362 | D:2      | Reached XP level 4. HP: 24/33 MP: 4/4
  1517 | D:2      | Noticed Jessica
  1519 | D:2      | Found a basalt altar of Yredelemnul.
  1523 | D:2      | Killed Jessica
  1532 | D:2      | Reached skill level 5 in Staves
  2636 | D:3      | Found a sacrificial altar of Ru.
  2728 | D:3      | Found a burning altar of Makhleb.
  2737 | D:3      | Reached XP level 5. HP: 38/38 MP: 5/5
  2890 | D:3      | Became a worshipper of Makhleb the Destroyer
  2925 | D:3      | Reached skill level 1 in Invocations
  3748 | D:4      | Acquired Makhleb's first power
  3748 | D:4      | Gained mutation: You are partially covered in molten scales (AC +1). [demonic ancestry]
  3748 | D:4      | Reached XP level 6. HP: 39/44 MP: 7/7
  3765 | D:4      | Reached skill level 6 in Staves
  4018 | D:4      | Found a glowing silver altar of Zin.
  4289 | D:4      | Reached skill level 1 in Armour
  4429 | D:4      | Upgraded the game from 0.17-a0-1637-g5d65775 to 0.17-a0-1646-geb1493d
  4767 | D:5      | Entered Level 5 of the Dungeon
  4790 | D:5      | Noticed Crazy Yiuf
  4797 | D:5      | Killed Crazy Yiuf
  4797 | D:5      | Reached XP level 7. HP: 38/50 MP: 9/9
  4824 | D:5      | Noticed Pikel
  4846 | D:5      | Killed Pikel
  4846 | D:5      | Reached skill level 7 in Staves
  4846 | D:5      | Reached skill level 5 in Invocations
  4846 | D:5      | Gained mutation: You regenerate a little health from kills. [demonic ancestry]
  4846 | D:5      | Reached XP level 8. HP: 17/56 MP: 9/11
  5176 | D:5      | Found a staircase to the Ecumenical Temple.
  5216 | D:5      | Acquired Makhleb's second power
  5308 | D:5      | Paralysed by an orc priest for 6 turns
  5373 | D:5      | Found a radiant altar of Vehumet.
  5382 | D:5      | Noticed Blork the orc
  5406 | D:5      | Killed Blork the orc
  5406 | D:5      | Reached skill level 8 in Staves
  6442 | D:6      | Reached XP level 9. HP: 61/61 MP: 13/13
  6493 | D:6      | Found a blossoming altar of Fedhas.
  6593 | D:6      | Reached skill level 9 in Staves
  6642 | D:6      | Acquired Makhleb's third power
  6940 | D:7      | Found an opulent altar of Gozag.
  7053 | D:7      | Found a shimmering altar of Xom.
  7219 | D:7      | Reached skill level 5 in Armour
  7269 | D:7      | Reached skill level 10 in Staves
  7469 | D:7      | Found a shattered altar of Ashenzari.
  7469 | D:7      | Found a sparkling altar of Nemelex Xobeh.
  7669 | D:8      | Found a bloodstained altar of Trog.
  7679 | D:8      | Acquired Makhleb's fourth power
  7771 | D:8      | Gained mutation: You are immune to rotting. [demonic ancestry]
  7771 | D:8      | Reached XP level 10. HP: 67/67 MP: 16/16
  7786 | D:8      | Gained mutation: You can breathe flames. [potion of mutation]
  7786 | D:8      | Gained mutation: Scrolls take you a little longer to read. [potion of mutation]
  7786 | D:8      | Gained mutation: You tend to lose your temper in combat. [potion of mutation]
  8100 | D:9      | Found a snail-covered altar of Cheibriados.
  8290 | D:9      | Noticed an eight-headed hydra
  8684 | D:9      | Acquired Makhleb's fifth power
  8844 | D:9      | Reached skill level 11 in Staves
  8917 | D:10     | Entered Level 10 of the Dungeon
  9183 | D:10     | Reached skill level 10 in Invocations
  9244 | D:10     | Found a staircase to the Orcish Mines.
  9245 | D:10     | Found a staircase to the Lair.
  9520 | D:10     | Noticed a hill giant
  9535 | D:10     | Killed a hill giant
  9535 | D:10     | Gained mutation: You regenerate health from kills. [demonic ancestry]
  9535 | D:10     | Reached XP level 11. HP: 72/72 MP: 18/18
 10034 | Orc:1    | Entered Level 1 of the Orcish Mines
 10035 | Orc:1    | Found Hyelikk's Armour Emporium.
 10050 | Orc:1    | Reached skill level 12 in Staves
 10081 | Orc:1    | Bought the cursed -5 cloak of Muoh {-Cast rPois Regen+ Int-4} for 1 gold piece
 10199 | Orc:1    | Noticed Erica
 10213 | Orc:1    | Killed Erica
 10537 | Orc:2    | Found Torph's Magic Scroll Boutique.
 10819 | Orc:2    | Found a dark tunnel.
 10833 | Volcano  | Entered a volcano
 11084 | Orc:2    | Noticed an orc warlord
 11111 | Orc:2    | Mangled by an orc warlord

Vault maps used:
D:1:      dpeg_arrival_rooms_b
D:2:      minmay_door_path, old_standard_altar, corexii_item_surrounded_by_moat,
          uniq_terence, uniq_jessica, uniq_natasha
D:3:      lemuel_crystal_altar, old_standard_altar, first_bread
D:4:      kennysheep_little_box
D:5:      overflow_temple_1_default, temple_doors_b, uniq_pikel,
          uniq_crazy_yiuf_cottage, uniq_blork_the_orc
D:6:      lemuel_coloured_pillars_altar, lightli_orcish_oven
D:7:      lemuel_crystal_altar, amethyst_overflow_temple_binary,
          kennysheep_mini_moat, st_stairs_10, the_bakery
D:8:      trog_ov_bears_minmay
D:9:      slow_altar_1, serial_curves, eino_curves_02, eino_curves_02
D:10:     david_lair_shrubbed, orc_0_dummy, kennysheep_cross_bottleneck
Orc:1:    serial_shops, shop_coins, uniq_erica
Orc:2:    orc_temple, serial_shops, shop, nicolae_volcano_entry_batcave,
          rock_pile
Volcano:  volcano_caves

Action                   |  1- 3 |  4- 6 |  7- 9 | 10-12 || total
-------------------------+-------+-------+-------+-------++-------
Melee: Quarterstaff      |    43 |   194 |   359 |   492 ||  1088
Throw: Throwing net      |     2 |       |       |     5 ||     7
Invok: Greater Servant o |       |       |       |     1 ||     1
Evoke: Wand              |       |       |       |     3 ||     3
  Use: Potion            |     3 |       |     8 |     4 ||    15
       Scroll            |     6 |     2 |     6 |     4 ||    18
 Stab: Paralysed         |       |       |     1 |     8 ||     9
       Petrifying        |       |       |     1 |     4 ||     5
       Confused          |       |       |       |     1 ||     1
       Held in net/web   |       |       |       |     1 ||     1
  Eat: Fruit             |     1 |     1 |     1 |     1 ||     4
       Meat ration       |       |     2 |     2 |     2 ||     6
       Royal jelly       |       |       |     1 |     1 ||     2
